 Dungeon Crawl Stone Soup version 0.23.2-1-ga50397a6bc (webtiles) character file.

Game seed: 4904447789482487507

22 Marnok the Skirmisher (level 2, -1/25 HPs)
             Began as a Demonspawn Abyssal Knight on Apr 21, 2019.
             Was a Follower of Lugonu.
             Slain by a hobgoblin (5 damage)
             ... on level 2 of the Dungeon.
             The game lasted 00:02:17 (1369 turns).

Marnok the Skirmisher (Demonspawn Abyssal Knight)   Turns: 1369, Time: 00:02:18

Health: -1/25      AC:  3    Str: 12    XL:     2   Next: 68%
Magic:  3/3        EV: 11    Int: 13    God:    Lugonu [*.....]
Gold:   87         SH:  0    Dex: 12    Spells: 1/1 levels left

rFire    . . .     SeeInvis .   a - +1 spear
rCold    . . .     Gourm    .   (no shield)
rNeg     . . .     Faith    .   b - +0 leather armour
rPois    .         Spirit   .   (no helmet)
rElec    .         Reflect  .   (no cloak)
rCorr    .         Harm     .   (no gloves)
MR       .....                  (no boots)
Stlth    ++........             (no amulet)
HPRegen  0.08/turn              (no ring)
MPRegen  0.08/turn              (no ring)

@: lethally poisoned (-1 -> -11)
A: nightstalker 1
a: Depart the Abyss, Renounce Religion


You were on level 2 of the Dungeon.
You worshipped Lugonu.
Lugonu was aware of your devotion.
You were not hungry.

You visited 1 branch of the dungeon, and saw 2 of its levels.
You visited the Abyss 1 time.

You collected 87 gold pieces.

Inventory:

Hand Weapons
 a - a +1 spear (weapon)
Armour
 b - a +0 leather armour (worn)
Jewellery
 i - an uncursed ring of protection from magic {unknown}
Scrolls
 d - 2 scrolls of remove curse {unknown}
 g - a scroll of magic mapping {unknown}
 h - a scroll of teleportation {unknown}
 j - a scroll of enchant armour {unknown}
Potions
 e - 3 potions of curing {unknown}
 k - a potion of lignification {unknown}
Comestibles
 c - a ration


   Skills:
 + Level 3.6 Fighting
 + Level 1.8 Polearms
 + Level 2.1 Armour
 + Level 1.0 Dodging
 + Level 2.5 Invocations


You had one spell level left.
You didn't know any spells.
Your spell library was empty.

Dungeon Overview and Level Annotations

Branches:
Dungeon (2/15)

Altars:


Innate Abilities, Weirdness & Mutations

You are slightly more attuned to the shadows.


Message History

The adder is heavily wounded.
The adder closely misses you. The hobgoblin barely misses you.
You miss the adder.
The adder is heavily wounded.
The adder bites you but does no damage. x2; The hobgoblin hits you.
You closely miss the adder.
The adder is heavily wounded.
The adder closely misses you. The hobgoblin closely misses you.
You closely miss the adder.
The adder is heavily wounded.
The adder bites you but does no damage. The hobgoblin hits you.
You barely miss the adder.
The adder is heavily wounded.
The adder bites you.
You are poisoned.
The adder poisons you! The adder bites you.
* * * LOW HITPOINT WARNING * * *
You are more poisoned.
The adder poisons you! The hobgoblin hits you.
You die...

.# #.# ..# #
#.# #.###.# #
#..g..##.#
#..S@....#
#####.######.
#.<......
########.


You could see an adder and a hobgoblin.

Vanquished Creatures
  2 bats (D:1)
  A giant cockroach (D:1)
  5 goblins (D:1)
  2 hobgoblins (D:1)
  2 frilled lizards (D:1)
  2 kobolds (D:1)
  7 rats (D:1)
21 creatures vanquished.

Vanquished Creatures (others)
  A starspawn tentacle (Abyss:1)
1 creature vanquished.

Grand Total: 22 creatures vanquished

Notes
Turn   | Place    | Note
-------+----------+-------------------------------------------
     0 | Abyss:1  | Marnok the Demonspawn Abyssal Knight began the quest for
                  | the Orb.
     0 | Abyss:1  | Reached XP level 1. HP: 18/18 MP: 2/2
    36 | Abyss:1  | Found a snail-covered altar of Cheibriados.
    79 | Abyss:1  | Noticed a tentacled starspawn
    85 | D:1      | Escaped the Abyss
   187 | D:1      | Reached * piety under Lugonu
   496 | D:1      | Gained mutation: You are slightly more attuned to the
                  | shadows. [demonic ancestry]
   496 | D:1      | Reached XP level 2. HP: 22/24 MP: 3/3
  1079 | D:1      | Reached skill level 1 in Dodging
  1369 | D:2      | Slain by a hobgoblin

Skill      XL: |  1  2 |
---------------+-------+-----
Armour         | 2 |  2.1
Dodging        | 1 |  1.0
Fighting       | |  3.6
Polearms       | |  1.8
Invocations    | |  2.5

Action                   || total
-------------------------++-------
Melee: Spear             ||    80
Invok: Depart the Abyss  ||     1
 Stab: Sleeping          ||     1
  Eat: Chunk             ||     1
Armor: Leather armour    ||    22
Dodge: Dodged            ||    57
